 Dungeon Crawl Stone Soup version 0.21-a0-135-g8dc100c (webtiles) character file.

210 Ordine the Magician (level 5, -1/28 HPs)
             Began as a Deep Elf Wizard on July 17, 2017.
             Slain by a centaur skeleton (4 damage)
             ... on level 4 of the Dungeon.
             The game lasted 00:09:41 (3000 turns).

Ordine the Magician (Deep Elf Wizard)               Turns: 3000, Time: 00:09:42

Health: -1/28      AC:  3    Str:  4    XL:     5   Next: 56%
Magic:  8/14       EV: 13    Int: 24    God:
Gold:   189        SH:  0    Dex: 13    Spells: 3/14 levels left

rFire    . . .     SeeInvis .   p - +2 dagger (elec)
rCold    . . .     Gourm    .   (no shield)
rNeg     . . .     Faith    .   a - +0 robe
rPois    .         Spirit   .   b - +1 hat
rElec    .         Reflect  .   (no cloak)
rCorr    .         Harm     .   (no gloves)
MR       .....                  (no boots)
Stlth    ++........             (no amulet)
HPRegen  0.09/turn              (no ring)
MPRegen  0.14/turn              (no ring)

@: no status effects
A: no striking features
a: no special abilities


You were on level 4 of the Dungeon.
You were not hungry.

You visited 1 branch of the dungeon, and saw 4 of its levels.

You collected 189 gold pieces.

Inventory:

Hand Weapons
 k - a +2 dagger of venom
 p - a +2 dagger of electrocution (weapon)
Armour
 a - a +0 robe (worn)
 b - a +1 hat (worn)
Wands
 l - a wand of clouds (4/9)
Scrolls
 e - 2 scrolls of remove curse
 h - a scroll of enchant armour
 i - 3 scrolls of magic mapping
 m - a scroll of fog
Potions
 f - a potion of agility
 n - a potion of heal wounds {unknown}
 o - a potion of brilliance {unknown}
 q - a potion of mutation {unknown}
Books
 c - a book of Minor Magic

   Spells                             Type                      Level
   a - Magic Dart                     Conjuration                  1
   b - Blink                          Translocation                2
   c - Call Imp                       Summoning                    2
   d - Slow                           Hexes                        2
   e - Conjure Flame                  Conjuration/Fire             3
   f - Mephitic Cloud                 Conjuration/Poison/Air       3
 j - a book of Misfortune

   Spells                             Type                      Level
   a - Confusing Touch                Hexes                        1
   b - Confuse                        Hexes                        3
   c - Gell's Gravitas                Translocation                3
   d - Petrify                        Transmutation/Earth          4
   e - Metabolic Englaciation         Hexes/Ice                    5
   f - Yara's Violent Unravelling     Hexes/Transmutation          5
Comestibles
 d - 3 bread rations
 g - a meat ration


   Skills:
 - Level 3.0 Dodging
 + Level 3.7 Stealth
 - Level 5.0 Spellcasting
 + Level 2.7 Conjurations
 + Level 1.9 Summonings
 + Level 2.3 Translocations
 + Level 1.3 Fire Magic
 + Level 1.3 Air Magic
 + Level 1.3 Poison Magic


You had 3 spell levels left.
You knew the following spells:

 Your Spells              Type           Power        Failure   Level  Hunger
a - Magic Dart            Conj           ###.         2%          1    None
b - Blink                 Tloc           N/A          4%          2    None
c - Call Imp              Summ           ###.....     6%          2    None
d - Conjure Flame         Conj/Fire      ###.....     12%         3    ##.....
e - Mephitic Cloud        Conj/Pois/Air  ##......     13%         3    ##.....


Dungeon Overview and Level Annotations

Branches:
Dungeon (4/15)
 Temple: D:4-7

Altars:
Dithmenos
The Shining One


Message History

* * * LOW HITPOINT WARNING * * *
Casting: Magic Dart
Confirm with . or Enter, or press ? or * to list all spells.
Aiming: Magic Dart
Press: ? - help, Shift-Dir - straight line, f/p - centaur skeleton
Aim: a centaur skeleton (moderately damaged)
The magic dart hits the centaur skeleton.
The centaur skeleton is heavily damaged.
The centaur skeleton hits you.
* * * LOW HITPOINT WARNING * * *
The centaur skeleton closely misses you.
Casting: Magic Dart
Confirm with . or Enter, or press ? or * to list all spells.
Aiming: Magic Dart
Press: ? - help, Shift-Dir - straight line, f/p - centaur skeleton
Aim: a centaur skeleton (heavily damaged)
The magic dart hits the centaur skeleton.
The centaur skeleton is heavily damaged.
The centaur skeleton hits you.
You die...

#<.)..#
#####.#
#.# #.#
#.#
#.#####
#.....#
#####.#
#@#
#.Z......
####.####
#


You could see a centaur skeleton.

Vanquished Creatures
  An orc priest (D:3)
  2 orc wizards
  A gnoll (D:4)
  4 adders
  An adder zombie (D:3)
  2 worms
  A dart slug (D:1)
  4 leopard geckos
  8 orcs
  2 bats (D:3)
  A giant cockroach (D:2)
  6 goblins
  7 hobgoblins
  2 jackals (D:2)
  2 quokkas
  2 ball pythons (D:3)
  3 frilled lizards
  7 kobolds
  7 rats
63 creatures vanquished.

Notes
Turn   | Place    | Note
-------+----------+-------------------------------------------
     0 | D:1      | Ordine the Deep Elf Wizard began the quest for the Orb.
     0 | D:1      | Reached XP level 1. HP: 10/10 MP: 7/7
   245 | D:1      | Reached XP level 2. HP: 15/15 MP: 6/9
   255 | D:1      | Learned a level 2 spell: Blink
   258 | D:1      | Learned a level 2 spell: Call Imp
   653 | D:2      | Found a glowing golden altar of the Shining One.
   669 | D:2      | Found a shadowy altar of Dithmenos.
   845 | D:2      | Reached XP level 3. HP: 19/19 MP: 6/11
   850 | D:2      | Learned a level 3 spell: Conjure Flame
   854 | D:2      | Learned a level 3 spell: Mephitic Cloud
  1162 | D:2      | Reached skill level 5 in Spellcasting
  1657 | D:3      | Reached XP level 4. HP: 24/24 MP: 3/13
  2190 | D:2      | Reached skill level 1 in Air Magic
  2190 | D:2      | Reached skill level 1 in Poison Magic
  2190 | D:2      | Reached XP level 5. HP: 9/28 MP: 4/14
  2410 | D:3      | Reached skill level 1 in Fire Magic
  3000 | D:4      | Slain by a centaur skeleton

Vault maps used:
D:1:      zelgadis_glass_arrival_large
D:2:      tso_oasis_becter, nicolae_dithmenos_shadow_blocks,
          nrook_mini_backslash
D:3:      serial_glass, glass_columns_b, glass_columns_b
D:4:      temple_green, hangedman_ru_absence, uniq_robin

Skill      XL: |  1  2  3  4  5 |
---------------+----------------+-----
Dodging        | 3 |  3.0
Stealth        | 3 |  3.7
Spellcasting   | 5 |  5.0
Conjurations   | 2 |  2.7
Translocations | 2 |  2.3
Air Magic      | 1 |  1.3
Poison Magic   | 1 |  1.3
Fire Magic     | 1 |  1.3
Summonings     | |  1.9

Action                   |  1- 3 |  4- 6 || total
-------------------------+-------+-------++-------
Melee: Dagger            |       |    24 ||    24
 Cast: Magic Dart        |    96 |    83 ||   179
       Mephitic Cloud    |       |     2 ||     2
       Blink             |       |     1 ||     1
  Use: Scroll            |     5 |     5 ||    10
  Eat: Chunk             |     2 |     4 ||     6
Armor: Robe              |     3 |     4 ||     7
Dodge: Dodged            |    11 |    27 ||    38
